 Dungeon Crawl Stone Soup version 0.31.0-11-ge490571c62 (webtiles) character file.

Game seed: 10393660243407357600

128 qw the Ducker (level 4, -1/22 HPs)
             Began as a Spriggan Hunter on Feb 3, 2024.
             Killed by nerve-wracking pain
             ... invoked by an orc priest
              (8 damage)
             ... on level 4 of the Dungeon.
             The game lasted 00:00:08 (1709 turns).

qw the Ducker (Spriggan Hunter)                     Turns: 1709, Time: 00:00:08

Health: -1/22      AC:  6    Str:  7    XL:     4   Next: 86%
Magic:  5/5        EV: 20    Int: 10    God:
Gold:   105        SH:  0    Dex: 20    Spells: 3/3 levels left

rFire   + . .        a - +0 shortbow
rCold   . . .        (shield currently unavailable)
rNeg    . . .        i - +1 robe {rF+}
rPois   .            (helmet restricted)
rElec   +            f - +0 cloak
rCorr   .            (gloves unavailable)
SInv    +            (boots unavailable)
Will    .....        (no amulet)
Stlth   ++           (no ring)
HPRegen 0.23/turn    (no ring)
MPRegen 0.09/turn

%: no passive effects
@: very quick
A: very small, no large weapons, unfitting armour, see invisible, speed 3,
iridescent scales 1, electricity resistance
a: no special abilities


You were on level 4 of the Dungeon.
You visited 1 branch of the dungeon, and saw 4 of its levels.

You collected 127 gold pieces.
You spent 22 gold pieces at shops.


Innate Abilities, Weirdness & Mutations

You are very small and have problems with some larger weapons.
You are too small for most types of armour.
You have supernaturally acute eyesight. (SInv)
You cover ground extremely quickly. (Speed+++)
You are partially covered in iridescent scales. (AC +2)
You are resistant to electric shocks. (rElec)


   Skills:
 + Level 1.6 Fighting
 - Level 5.0 Ranged Weapons
 - Level 5.5 Dodging
 - Level 1.5 Stealth


You had 3 spell levels left.
You didn't know any spells.
Your spell library was empty.

Inventory:

Hand Weapons
 a - a +0 shortbow (weapon)
Armour
 f - a +0 cloak (worn)
 i - a +1 robe of fire resistance (worn)
Wands
 l - a wand of mindburst (6)
 m - a wand of flame (27)
Potions
 b - a potion of resistance
 d - a potion of heal wounds
 e - a potion of curing {unknown}
 h - 2 potions of mutation
 j - a potion of ambrosia {unknown}
 k - 2 potions of haste

Dungeon Overview and Level Annotations

Branches:
Dungeon (4/15)
 Temple: D:4-7

Altars:
The Shining One

Shops:
D:2 (*


Message History

You shoot an arrow. The arrow barely misses the orc priest.
The orc misses you. The orc priest barely misses you.
You shoot an arrow. The arrow hits the orc priest.
The orc priest is moderately wounded.
The orc barely misses you.
The orc priest hits you but does no damage.
The orc hits you with a +0 dagger.
You shoot an arrow.
The arrow hits the orc priest but does no damage.
The orc priest is moderately wounded.
The orc priest hits you but does no damage.
The orc closely misses you. The orc priest misses you.
You shoot an arrow. The arrow barely misses the orc priest.
The arrow hits the orc priest but does no damage.
The orc misses you.
The orc priest hits you but does no damage.
You shoot an arrow. The arrow hits the orc priest.
The orc priest is heavily wounded.
The orc completely misses you. The orc priest completely misses you.
You shoot an arrow. The arrow hits the orc priest.
The orc priest is severely wounded.
The orc barely misses you.
You shoot an arrow. The arrow barely misses the orc priest.
The arrow hits the orc priest.
The orc priest is moderately wounded.
The orc misses you. The orc priest closely misses you.
You shoot an arrow. The arrow hits the orc priest.
You kill the orc priest!
The orc closely misses you.
Your Dodging skill increases to level 5!
You shoot an arrow. The arrow hits the orc!
You kill the orc!
The orc barely misses you. The orc misses you.
The orc priest mumbles some strange prayers to Beogh against you.
Pain shoots through your body!
You shoot an arrow. The arrow barely misses the orc priest.
The orc barely misses you.
The orc priest invokes the aid of Beogh against you.
Pain shoots through your body!
You die...

.# # .. ##. .#
###$.###.#
B..w.....#
...o.....## ..
#..oo.B..##...
##o#......
#@o....#
##..###>...
#..## ..
####..###
#.......#
#####.......##.
...............#
####...........#
#...?........


You could see an orc priest, an orc and a giant cockroach.

Vanquished Creatures
  An orc priest (D:4)
  An adder (D:2)
  A ribbon worm (D:3)
  4 dart slugs
  7 orcs
  8 ball pythons
  7 endoplasms
  5 giant cockroaches
  4 goblins
  3 hobgoblins (D:1)
  4 jackals
  4 kobolds
  4 quokkas
  3 bats
  6 frilled lizards
  4 rats
66 creatures vanquished.

Notes
Turn   | Place    | Note
-------+----------+-------------------------------------------
     0 | D:1      | qw the Spriggan Hunter began the quest for the Orb.
     0 | D:1      | Reached XP level 1. HP: 10/10 MP: 2/2
     0 | D:1      | 0 ||| qw: Version: 0.3-a-158-g18b3111
     0 | D:1      | 0 ||| qw: Game counter: 4258
     0 | D:1      | 0 ||| qw: Melee chars always use a shield: true
     0 | D:1      | 0 ||| qw: God list: Okawaru
     0 | D:1      | 0 ||| qw: Allow faded altars: false
     0 | D:1      | 0 ||| qw: Do Orc after clearing Dungeon:15 true
     0 | D:1      | 0 ||| qw: Do second Lair branch before Depths: true
     0 | D:1      | 0 ||| qw: Lair rune preference: random
     0 | D:1      | 0 ||| qw: Goals: Normal
     0 | D:1      | 0 ||| PLANNING D:1-11
    57 | D:1      | Reached skill level 3 in Dodging
    76 | D:1      | Reached XP level 2. HP: 14/14 MP: 3/3
   428 | D:1      | Found a faded altar of an unknown god.
   434 | D:1      | Reached XP level 3. HP: 18/18 MP: 4/4
   474 | D:1      | 474 ||| UPGRADING to +0 cloak.
   479 | D:1      | 479 ||| READING scroll labelled NUEXUTZ ATOCU.
   480 | D:1      | 480 ||| READING scroll labelled TOTEEM ZATZA.
   484 | D:1      | 484 ||| READING scroll labelled XUOVOACKI.
   484 | D:1      | 484 ||| IDENTIFYING grey potion
   485 | D:1      | 485 ||| DRINKING 2 metallic black potions.
   513 | D:1      | 513 ||| DRINKING 2 murky grey potions.
   513 | D:1      | Gained mutation: You are resistant to electric shocks.
                  | (rElec) [potion of mutation]
   513 | D:1      | Gained mutation: You are partially covered in iridescent
                  | scales. (AC +2) [potion of mutation]
   514 | D:1      | 514 ||| DROPPING scroll of butterflies.
   515 | D:1      | 515 ||| DROPPING potion of brilliance.
   516 | D:1      | 516 ||| DROPPING potion of lignification.
   546 | D:2      | 546 ||| STAIRDANCE
   553 | D:2      | 553 ||| STAIRDANCE
   729 | D:2      | Found Vuluipto's Weapon Shop.
   777 | D:2      | Found Qacib's General Store.
   786 | D:2      | 786 ||| SHOPLISTING scroll of enchant armour (82 gold, have
                  | 68).
   786 | D:2      | 786 ||| SHOPLISTING scroll of enchant weapon (82 gold, have
                  | 68).
   786 | D:2      | 786 ||| BUYING scroll of identify (22 gold).
   786 | D:2      | Bought a scroll of identify for 22 gold pieces
   975 | D:2      | 975 ||| UPGRADING to +1 robe of fire resistance.
   985 | D:2      | 985 ||| DROPPING +0 robe.
   986 | D:2      | 986 ||| DROPPING ring of magical power.
   987 | D:2      | 987 ||| READING 2 scrolls of identify.
   987 | D:2      | 987 ||| IDENTIFYING red potion
   988 | D:2      | 988 ||| READING scroll of identify.
   988 | D:2      | 988 ||| IDENTIFYING glowing silvery potion
   989 | D:2      | 989 ||| READING scroll labelled ETSURR KUXAXTOST.
   990 | D:2      | 990 ||| READING scroll labelled SEENUD UDIXT.
   991 | D:2      | 991 ||| READING scroll labelled XOEHEI GOAPTO.
  1133 | D:3      | Found a glowing golden altar of the Shining One.
  1198 | D:3      | Reached XP level 4. HP: 22/22 MP: 5/5
  1231 | D:3      | 1231 ||| FLEEEEING.
  1232 | D:3      | 1232 ||| FLEEEEING.
  1233 | D:3      | 1233 ||| FLEEEEING.
  1412 | D:3      | 1412 ||| FLEEEEING.
  1610 | D:3      | 1610 ||| READING scroll of identify.
  1610 | D:3      | 1610 ||| IDENTIFYING emerald potion
  1611 | D:3      | 1611 ||| READING scroll labelled OCSEDE BUXT.
  1691 | D:4      | 1691 ||| RETREEEEATING.
  1693 | D:4      | 1693 ||| RETREEEEATING.
  1695 | D:4      | 1695 ||| RETREEEEATING.
  1709 | D:4      | Killed from afar by an orc priest

Levels and vault maps discovered:
D:1:      amcnicky_arrival_single_pillar, layout_rooms,
          ebering_ecumenical_altar_sacrificial
D:2:      layout_rooms, serial_shops,
          nicolae_shop_temple_entry_statues_fountains, shop
D:3:      minmay_recursive_quarters, layout_rooms, general_overflow_altar,
          grunt_ministairs_6, hangedman_feature_mirror
D:4:      layout_rooms, mainiacjoe_overflow_24_doors

Skill      XL: |  1  2  3  4 |
---------------+-------------+-----
Dodging        | 3 4 5 |  5.5
Ranged Weapons | 5 |  5.0
Fighting       | |  1.6
Stealth        | |  1.5

Action                     |  1- 3 |  4- 6 || total
---------------------------+-------+-------++-------
   Fire: Shortbow          |   109 |    67 ||   176
    Use: Scroll            |     8 |     2 ||    10
         Potion            |     2 |       ||     2
 Armour: Robe              |     8 |    13 ||    21
  Dodge: Dodged            |    31 |    35 ||    66

Table legend:
 A = Non-vault XP
 B = Vault XP
 C = Vault XP percentage of total XP
 D = Non-vault monster count
 E = Vault monster count
 F = Vault count percentage of total count
                 A         B        C        D         E       F
            +---------+---------+-------+---------+---------+-------
      Total |     165 |      18 |   9.8 |      57 |       9 |  13.6
            +---------+---------+-------+---------+---------+-------
        D:1 |      47 |       0 |   0.0 |      26 |       0 |   0.0
        D:2 |      33 |       0 |   0.0 |      12 |       0 |   0.0
        D:3 |      36 |      18 |  33.3 |      15 |       9 |  37.5
        D:4 |      49 |       0 |   0.0 |       4 |       0 |   0.0
            +---------+---------+-------+---------+---------+-------
